AoeStats
← Jaimeka 3K

Arabia

508560344Analyzed
2v2 RM · 8d ago on Sep 23, 2026· 48m 44s· 4 players
Game mode
Random Map
Map size
Medium (4 player)
Population
200
Speed
Normal
Resources
Standard
Victory
Conquest
Starting age
Dark Age
Ending age
Imperial Age
RankedLock teamsTeams togetherTeam positionsShared explorationLock speedFull tech treeHidden civsTurbo modeCheats
Victory
Defeat
🇨🇴 Saxons · Colombia
773
+18
🇨🇴 Danes · Colombia
729
+19
🇨🇱 Ethiopians · Chile
814
-19
🇨🇱 Spanish · Chile
803
-18
Zaitsev94
11:53 Feudal Age
14:02 Double-Bit Axe
14:18 Man-at-Arms
17:00 Horse Collar
18:24 Forging
19:03 Town Watch
19:28 Loom
19:36 Arson
22:22 Castle Age
22:04 Wheelbarrow
24:29 Heavy Plow
25:43 Gold Mining
26:24 Fletching
27:10 Iron Casting
29:03 Caravan
30:49 Hamask
31:47 Town Patrol
32:07 Hand Cart
31:28 Elite Skirmisher
34:45 Bodkin Arrow
34:51 Scale Mail Armor
39:26 Padded Archer Armor
43:22 Chain Mail Armor
49:42 Imperial Age
Oficial Durruti.
6:08 Loom
9:18 Feudal Age
9:32 Man-at-Arms
16:56 Double-Bit Axe
20:27 Castle Age
19:19 Fletching
19:42 Forging
19:37 Scale Barding Armor
24:10 Chain Barding Armor
24:25 Iron Casting
23:56 Scale Mail Armor
24:20 Long Swordsman
34:24 Gold Mining
36:39 Iron Casting
36:20 Chain Mail Armor
40:39 Bow Saw
43:07 Imperial Age
40:30 Horse Collar
43:14 Fletching
43:24 Padded Archer Armor
43:23 Shield Wall
44:43 Wheelbarrow
46:52 Heavy Plow
48:51 Plate Mail Armor
TheSeb
0:29 Loom
12:08 Feudal Age
12:56 Man-at-Arms
33:57 Wheelbarrow
33:34 Horse Collar
33:46 Double-Bit Axe
43:44 Castle Age
44:44 Hand Cart
Jaimeka 3K
0:35 Loom
11:16 Feudal Age
19:06 Double-Bit Axe
19:24 Horse Collar
24:20 Wheelbarrow
28:54 Castle Age
26:50 Fletching
27:03 Padded Archer Armor
27:28 Stone Mining
27:33 Gold Mining
29:48 Forging
29:38 Scale Mail Armor
29:46 Heavy Plow
30:01 Bow Saw
30:21 Crossbowman
33:28 Hand Cart
37:31 Imperial Age
43:03 Gold Shaft Mining
42:18 Town Watch
43:19 Iron Casting
43:28 Thumb Ring
Connection lost

Rejoining the realm…

Still unreachable

The connection could not be restored.

Session expired

The server has moved on; the page needs a fresh start.